APP
BURLINGTON ROYALS @ BALTIMORE (APP) ORIOLES
10/15/2046
 
TOP OF THE 1ST
Burlington Royals batting - Pitching for Bluefield Blue Jays : RHP David Silva
Pitching: RHP David Silva
Batting: RHB Devin Garrett 0-0: Ball
1-0: Ground out U3 (Groundball, 3S, EV 65.6 MPH)
Batting: RHB Jake Burkhart 0-0: Called Strike
0-1: Swinging Strike
0-2: Ball
1-2: Ball
2-2: Foul Ball, location: 2F
2-2: Foul Ball, location: 2F
2-2: Foul Ball, location: 2F
2-2: Ground out 1-3 (Groundball, 13S, EV 63.1 MPH)
Batting: LHB Natanael Frois 0-0: Swinging Strike
0-1: Swinging Strike
0-2: Ball
1-2: Ball
2-2: Ball
3-2: SINGLE (Line Drive, 7S, EV 93.1 MPH)
Batting: LHB Jason Gorden 0-0: Called Strike
0-1: Ball
1-1: DOUBLE (Line Drive, 9LM, EV 101.9 MPH)
Natanael Frois to third
Runner from 3rd tries for Home, SAFE, throw by RF to home
Batting: LHB Jason Mills 0-0: Ball
1-0: Ball
Wild Pitch!
Jason Gorden to third
2-0: Ball
3-0: Base on Balls
Batting: RHB Jason Sloan 0-0: Called Strike
0-1: Reached on error, E2 (Groundball, 15S, EV 61.9 MPH)
Jason Gorden scores
Jason Mills to third
Batting: LHB Jim Hollowell 0-0: Ball
Wild Pitch!
Jason Mills scores
Jason Sloan to third
1-0: Ball
2-0: Foul Ball, location: 2F
2-1: Ball
3-1: Base on Balls
Batting: LHB Lapaele Keneke 0-0: Ball
1-0: Foul Ball, location: 2F
1-1: Ground out 1-3 (Groundball, P, EV 83.8 MPH)
Top of the 1st over - 3 runs, 2 hits, 1 error, 2 left on base; Burlington 3 - Bluefield 0
BOTTOM OF THE 1ST
Bluefield Blue Jays batting - Pitching for Burlington Royals : RHP Jesus Ruiz
Pitching: RHP Jesus Ruiz
Batting: RHB Mario Alfaro 0-0: Ball
1-0: Ball
2-0: Called Strike
2-1: Ball
3-1: Base on Balls
Batting: LHB Paul Caliari 0-0: Called Strike
Mario Alfaro steals 2nd base
0-1: Foul Ball, location: 2F
0-2: Ball
1-2: Strikes out looking
Batting: SHB Orlando Lopez 0-0: Ball
Wild Pitch!
Mario Alfaro to third
1-0: Ball
2-0: Called Strike
2-1: Swinging Strike
2-2: Fly out, F9 (Flyball, 9S, EV 91.3 MPH)
Batting: RHB Murray Yerzy 0-0: Ball
1-0: Ball
2-0: Ball
3-0: Called Strike
3-1: Swinging Strike
3-2: Strikes out swinging
Bottom of the 1st over - 0 runs, 0 hits, 0 errors, 1 left on base; Burlington 3 - Bluefield 0
TOP OF THE 2ND
Burlington Royals batting - Pitching for Bluefield Blue Jays : RHP David Silva
Batting: RHB Josh Tull 0-0: Ball
1-0: Foul Ball, location: 2F
1-1: Ball
2-1: Foul Ball, location: 2F
2-2: Strikes out swinging
Batting: RHB Devin Garrett 0-0: Called Strike
0-1: Ground out 5-3 (Groundball, 56S, EV 83.8 MPH)
Batting: RHB Jake Burkhart 0-0: Ball
1-0: Swinging Strike
1-1: Swinging Strike
1-2: Ball
2-2: Ground out 6-3 (Groundball, 6, EV 80.0 MPH)
Top of the 2nd over - 0 runs, 0 hits, 0 errors, 0 left on base; Burlington 3 - Bluefield 0
BOTTOM OF THE 2ND
Bluefield Blue Jays batting - Pitching for Burlington Royals : RHP Jesus Ruiz
Batting: LHB Andy Brumley 0-0: Ball
1-0: Called Strike
1-1: Foul Ball, location: 2F
1-2: Ball
2-2: Ball
3-2: Foul Ball, location: 2F
3-2: Base on Balls
Batting: RHB Jason Calvi 0-0: Ball
1-0: Called Strike
1-1: Ball
2-1: Foul Ball, location: 2F
2-2: Fielders Choice at 2nd, 1-4 (Groundball, P, EV 68.8 MPH)
Batting: RHB Sung-ho Lee 0-0: Called Strike
0-1: Ball
1-1: Ball
2-1: Ball
Jason Calvi is caught stealing 2nd base 2-4
3-1: Foul Ball, location: 2F
3-2: Fly out, F9 (Flyball, 9D, EV 85.0 MPH)
Bottom of the 2nd over - 0 runs, 0 hits, 0 errors, 0 left on base; Burlington 3 - Bluefield 0
TOP OF THE 3RD
Burlington Royals batting - Pitching for Bluefield Blue Jays : RHP David Silva
Batting: LHB Natanael Frois 0-0: Called Strike
0-1: Ball
1-1: Ground out U3 (Groundball, 34, EV 81.9 MPH)
Batting: LHB Jason Gorden 0-0: Ball
1-0: Ball
2-0: Called Strike
2-1: Ball
3-1: Foul Ball, location: 2F
3-2: Base on Balls
Batting: LHB Jason Mills 0-0: Foul Ball, location: 2F
0-1: Ball
1-1: Swinging Strike
1-2: Foul Ball, location: 2F
1-2: Ball
2-2: Foul Ball, location: 2F
2-2: Strikes out swinging
Batting: RHB Jason Sloan 0-0: Ball
1-0: Ball
2-0: Called Strike
2-1: Ground out 1-3 (Groundball, 13, EV 70.0 MPH)
Top of the 3rd over - 0 runs, 0 hits, 0 errors, 1 left on base; Burlington 3 - Bluefield 0
BOTTOM OF THE 3RD
Bluefield Blue Jays batting - Pitching for Burlington Royals : RHP Jesus Ruiz
Batting: RHB Jose Amparan 0-0: Fly out, F7 (Flyball, 7D, EV 100.6 MPH)
Batting: RHB Tyler Gray 0-0: Ball
1-0: Fly out, F4 (Line Drive, 4, EV 72.5 MPH)
Batting: RHB Mario Alfaro 0-0: Ball
1-0: Ball
2-0: Ball
3-0: Called Strike
3-1: Ground out 1-3 (Groundball, 13, EV 86.9 MPH)
Bottom of the 3rd over - 0 runs, 0 hits, 0 errors, 0 left on base; Burlington 3 - Bluefield 0
TOP OF THE 4TH
Burlington Royals batting - Pitching for Bluefield Blue Jays : RHP David Silva
Batting: LHB Jim Hollowell 0-0: Ball
1-0: Ball
2-0: Ground out U3 (Groundball, 3, EV 83.1 MPH)
Batting: LHB Lapaele Keneke 0-0: Ball
1-0: Ball
2-0: TRIPLE (Flyball, 89XD, EV 108.8 MPH)
Batting: RHB Josh Tull 0-0: Called Strike
0-1: Foul Ball, location: 2F
0-2: Ball
1-2: Ball
2-2: Foul Ball, location: 2F
2-2: Foul Ball, location: 2F
2-2: Strikes out looking
Pitching: RHP Chris Varner
Batting: RHB Devin Garrett 0-0: Ball
1-0: Called Strike
1-1: Called Strike
1-2: Strikes out looking
Top of the 4th over - 0 runs, 1 hit, 0 errors, 1 left on base; Burlington 3 - Bluefield 0
BOTTOM OF THE 4TH
Bluefield Blue Jays batting - Pitching for Burlington Royals : RHP Jesus Ruiz
Batting: LHB Paul Caliari 0-0: Called Strike
0-1: Swinging Strike
0-2: Foul Ball, location: 2F
0-2: SINGLE (Flyball, 56D, EV 85.6 MPH)
Batting: SHB Orlando Lopez 0-0: Ball
1-0: Ball
2-0: Foul Ball, location: 2F
2-1: Ball
3-1: Base on Balls
Paul Caliari to second
Batting: RHB Murray Yerzy 0-0: Swinging Strike
0-1: Ball
1-1: Foul Ball, location: 2F
1-2: Foul Ball, location: 2F
1-2: Ball
2-2: Foul Ball, location: 2F
2-2: Foul Ball, location: 2F
2-2: Strikes out swinging
Batting: LHB Andy Brumley 0-0: Called Strike
Paul Caliari is caught stealing 3rd base 2-5
0-1: Ball
1-1: TRIPLE (Line Drive, 89XD, EV 106.3 MPH)
Orlando Lopez scores
Batting: RHB Jason Calvi 0-0: Ball
1-0: Ball
2-0: Ball
3-0: Base on Balls
Batting: RHB Sung-ho Lee 0-0: Fielders Choice at 2nd, U6 (Groundball, 6M, EV 88.8 MPH)
Bottom of the 4th over - 1 run, 2 hits, 0 errors, 2 left on base; Burlington 3 - Bluefield 1
TOP OF THE 5TH
Burlington Royals batting - Pitching for Bluefield Blue Jays : RHP Chris Varner
Batting: RHB Jake Burkhart 0-0: Called Strike
0-1: SINGLE (Groundball, 56D, EV 95.6 MPH)
Batting: LHB Natanael Frois 0-0: Called Strike
0-1: Ball
1-1: Ball
2-1: SINGLE (Groundball, 4D, EV 99.4 MPH)
Jake Burkhart to second
Runner from 2nd tries for 3rd, SAFE, throw by CF made to third
Batting: LHB Jason Gorden 0-0: Called Strike
0-1: Foul Ball, location: 2F
0-2: Foul Ball, location: 2F
0-2: Ball
1-2: Ball
2-2: Foul Ball, location: 2F
2-2: Fly out, F7 (Line Drive, 7, EV 98.8 MPH)
Batting: LHB Jason Mills 0-0: Ball
Natanael Frois steals 2nd base
1-0: Intentional Walk
Batting: RHB Jason Sloan 0-0: Grounds into double play, 1-2-3 (Groundball, 13, EV 83.1 MPH)
Top of the 5th over - 0 runs, 2 hits, 0 errors, 2 left on base; Burlington 3 - Bluefield 1
BOTTOM OF THE 5TH
Bluefield Blue Jays batting - Pitching for Burlington Royals : RHP Jesus Ruiz
Batting: RHB Jose Amparan 0-0: Ball
1-0: Foul Ball, location: 2F
1-1: SINGLE (Flyball, 89S, EV 93.1 MPH)
Batting: RHB Tyler Gray 0-0: Ball
1-0: Ball
Balk!
Jose Amparan to second
2-0: Ball
3-0: Base on Balls
Pitching: RHP Carlos Soto
Batting: RHB Mario Alfaro 0-0: Called Strike
0-1: Ball
1-1: Swinging Strike
1-2: Foul Ball, location: 2F
1-2: Ball
2-2: Strikes out swinging
Batting: LHB Paul Caliari 0-0: Grounds into double play, 5-4-3 (Groundball, 5, EV 107.5 MPH)
Bottom of the 5th over - 0 runs, 1 hit, 0 errors, 1 left on base; Burlington 3 - Bluefield 1
TOP OF THE 6TH
Burlington Royals batting - Pitching for Bluefield Blue Jays : RHP Chris Varner
Batting: LHB Jim Hollowell 0-0: Ball
1-0: Called Strike
1-1: Called Strike
1-2: Ball
2-2: Foul Ball, location: 2F
2-2: Ground out 1-3 (Groundball, 34S, EV 80.0 MPH)
Batting: LHB Lapaele Keneke 0-0: Ball
1-0: Ball
2-0: SOLO HOME RUN (Line Drive, 9LD, EV 95.6 MPH), Distance : 347 ft
Batting: RHB Josh Tull 0-0: Ball
1-0: Ball
2-0: Ball
3-0: Called Strike
3-1: SINGLE (Groundball, 6MD, EV 95.0 MPH)
Pitching: RHP Justin Ramirez
Batting: RHB Devin Garrett 0-0: Ball
Josh Tull steals 2nd base (no throw)
1-0: Foul Ball, location: 2F
1-1: Foul Ball, location: 2F
1-2: Strikes out swinging
Batting: RHB Jake Burkhart 0-0: SINGLE (Groundball, 6D, EV 98.1 MPH)
Josh Tull to third
Runner from 3rd tries for Home, SAFE, throw by CF to home
Jake Burkhart to second
Batting: LHB Natanael Frois 0-0: Intentional Walk
Batting: LHB Jason Gorden 0-0: Called Strike
0-1: Ball
1-1: Ball
2-1: Swinging Strike
2-2: Strikes out swinging
Top of the 6th over - 2 runs, 3 hits, 0 errors, 2 left on base; Burlington 5 - Bluefield 1
BOTTOM OF THE 6TH
Bluefield Blue Jays batting - Pitching for Burlington Royals : RHP Carlos Soto
Batting: SHB Orlando Lopez 0-0: Ball
1-0: Ball
2-0: Ball
3-0: Foul Ball, location: 2F
3-1: Foul Ball, location: 2F
3-2: Foul Ball, location: 2F
3-2: Base on Balls
Batting: RHB Murray Yerzy 0-0: Called Strike
0-1: Called Strike
0-2: Strikes out swinging
Batting: LHB Andy Brumley 0-0: Called Strike
0-1: Foul Ball, location: 2F
0-2: Ball
1-2: Ball
Passed Ball!
Orlando Lopez to second
2-2: Ball
3-2: Strikes out swinging
Batting: RHB Jason Calvi 0-0: Called Strike
0-1: Ball
1-1: Ground out 6-3 (Groundball, 6, EV 102.5 MPH)
Bottom of the 6th over - 0 runs, 0 hits, 0 errors, 1 left on base; Burlington 5 - Bluefield 1
TOP OF THE 7TH
Burlington Royals batting - Pitching for Bluefield Blue Jays : RHP Justin Ramirez
Pitching: RHP Robert Cucci
Batting: LHB Jason Mills 0-0: SINGLE (Flyball, 9S, EV 92.5 MPH)
Batting: RHB Jason Sloan 0-0: Ball
1-0: Called Strike
1-1: Ball
2-1: Foul Ball, location: 2F
2-2: Foul Ball, location: 2F
2-2: Fielders Choice at 2nd, 6-4 (Groundball, 56, EV 100.0 MPH)
Batting: LHB Jim Hollowell 0-0: Ball
Wild Pitch!
Jason Sloan to second
1-0: Intentional Walk
Batting: LHB Lapaele Keneke 0-0: Called Strike
0-1: Ball
1-1: Foul Ball, location: 2F
1-2: Strikes out swinging
Batting: RHB Josh Tull 0-0: Ball
1-0: Foul Ball, location: 2F
1-1: Swinging Strike
1-2: Ground out 5-3 (Groundball, 56S, EV 92.5 MPH)
Top of the 7th over - 0 runs, 1 hit, 0 errors, 2 left on base; Burlington 5 - Bluefield 1
BOTTOM OF THE 7TH
Bluefield Blue Jays batting - Pitching for Burlington Royals : RHP Carlos Soto
Pitching: RHP Bobby Mendoza
Batting: RHB Sung-ho Lee 0-0: Ball
1-0: Called Strike
1-1: Foul Ball, location: 2F
1-2: Ball
2-2: Foul Ball, location: 2F
2-2: Ball
3-2: Foul Ball, location: 2F
3-2: Base on Balls
Batting: RHB Jose Amparan 0-0: Foul Ball, location: 2F
0-1: Ball
1-1: Foul Ball, location: 2F
1-2: Foul Ball, location: 2F
1-2: Foul Ball, location: 2F
1-2: Ball
2-2: SINGLE (Line Drive, 7LS, EV 101.9 MPH)
Sung-ho Lee to second
Batting: RHB Tyler Gray 0-0: Ball
1-0: Ball
Wild Pitch!
Sung-ho Lee to third
Jose Amparan to second
2-0: Ball
3-0: Base on Balls
Batting: RHB Mario Alfaro 0-0: Ball
1-0: Swinging Strike
Passed Ball!
Sung-ho Lee scores
Jose Amparan to third
Tyler Gray to second
1-1: Ball
2-1: Called Strike
2-2: Ball
3-2: Fly out, F9 (Flyball, 9LM, EV 85.0 MPH)
Runner from 3rd tags up, SCORES, throw by RF
Tyler Gray to third
Batting: LHB Paul Caliari 0-0: Called Strike
0-1: Ball
1-1: Ball
2-1: Ground out 4-3 (Groundball, 4, EV 82.5 MPH)
Batting: SHB Orlando Lopez 0-0: Ball
1-0: Ball
2-0: Ball
3-0: Base on Balls
Pinch Hitting: LHB Norm Clary 0-0: Called Strike
0-1: Ball
1-1: Ball
2-1: Foul Ball, location: 2F
2-2: Ball
3-2: Base on Balls
Orlando Lopez to second
Batting: LHB Andy Brumley 0-0: Ball
1-0: Ball
2-0: Ball
3-0: Called Strike
3-1: Foul Ball, location: 2F
3-2: Ground out 4-3 (Groundball, 4, EV 92.5 MPH)
Bottom of the 7th over - 2 runs, 1 hit, 0 errors, 3 left on base; Burlington 5 - Bluefield 3
TOP OF THE 8TH
Burlington Royals batting - Pitching for Bluefield Blue Jays : RHP Robert Cucci
Pitching: RHP Luis Alvarez
Now at 2B: Alexis Quinones
Batting: RHB Devin Garrett 0-0: Foul Ball, location: 2F
0-1: Ball
1-1: Foul Ball, location: 2F
1-2: Ball
2-2: Ground out 5-3 (Groundball, 56S, EV 72.5 MPH)
Batting: RHB Jake Burkhart 0-0: Called Strike
0-1: Swinging Strike
0-2: Ball
1-2: Ground out 5-3 (Groundball, 56, EV 79.4 MPH)
Batting: LHB Natanael Frois 0-0: Called Strike
0-1: Ball
1-1: Ball
2-1: Ball
3-1: Fly out, F7 (Flyball, 7S, EV 91.3 MPH)
Top of the 8th over - 0 runs, 0 hits, 0 errors, 0 left on base; Burlington 5 - Bluefield 3
BOTTOM OF THE 8TH
Bluefield Blue Jays batting - Pitching for Burlington Royals : RHP Bobby Mendoza
Pitching: RHP Juan Hernandez
Batting: RHB Jason Calvi 0-0: Called Strike
0-1: Foul Ball, location: 2F
0-2: Strikes out swinging
Batting: RHB Sung-ho Lee 0-0: Called Strike
0-1: Ball
1-1: Ball
2-1: Ball
3-1: Swinging Strike
3-2: Strikes out looking
Batting: RHB Jose Amparan 0-0: Called Strike
0-1: Ball
1-1: Called Strike
1-2: Strikes out looking
Bottom of the 8th over - 0 runs, 0 hits, 0 errors, 0 left on base; Burlington 5 - Bluefield 3
TOP OF THE 9TH
Burlington Royals batting - Pitching for Bluefield Blue Jays : RHP Luis Alvarez
Batting: LHB Jason Gorden 0-0: Called Strike
0-1: Ball
1-1: Swinging Strike
1-2: Strikes out swinging
Batting: LHB Jason Mills 0-0: Ball
1-0: Ground out 5-3 (Groundball, 56, EV 85.6 MPH)
Batting: RHB Jason Sloan 0-0: Called Strike
0-1: Swinging Strike
0-2: Strikes out swinging
Top of the 9th over - 0 runs, 0 hits, 0 errors, 0 left on base; Burlington 5 - Bluefield 3
BOTTOM OF THE 9TH
Bluefield Blue Jays batting - Pitching for Burlington Royals : RHP Juan Hernandez
Pitching: RHP Scott McGinness
Batting: RHB Tyler Gray 0-0: Called Strike
0-1: Ball
1-1: Ball
2-1: Foul Ball, location: 2F
2-2: SINGLE (Line Drive, 89S, EV 98.8 MPH)
Batting: RHB Mario Alfaro 0-0: Ball
1-0: Ball
2-0: Foul Ball, location: 2F
2-1: Foul Ball, location: 2F
2-2: Foul Ball, location: 2F
2-2: Foul Ball, location: 2F
2-2: Foul Ball, location: 2F
2-2: Ball
3-2: Foul Ball, location: 2F
3-2: SINGLE (Line Drive, 78S, EV 98.1 MPH)
Tyler Gray to second
Batting: LHB Paul Caliari 0-0: Bunt missed!
0-1: Bunt missed!
0-2: Strikes out looking
Batting: SHB Orlando Lopez 0-0: Ball
1-0: Foul Ball, location: 2F
1-1: Ball
2-1: Swinging Strike
2-2: Ball
3-2: SINGLE (Line Drive, 9S, EV 100.0 MPH)
Tyler Gray to third
Mario Alfaro to second
Pitching: LHP Carlos Mestanza
Pinch Hitting: RHB Logan Humby 0-0: Ball
1-0: Ball
2-0: Foul Ball, location: 2F
2-1: Foul Ball, location: 2F
2-2: Ball
3-2: DOUBLE (Line Drive, 89XD, EV 103.1 MPH)
Tyler Gray scores
Mario Alfaro scores
Orlando Lopez to third
Batting: LHB Andy Brumley 0-0: Called Strike
0-1: Foul Ball, location: 2F
0-2: Strikes out swinging
Batting: RHB Jason Calvi 0-0: Intentional Walk
Pinch Hitting: RHB Willie de la Cruz 0-0: Called Strike
0-1: Foul Ball, location: 2F
0-2: Foul Ball, location: 2F
0-2: Ball
1-2: Foul Ball, location: 2F
1-2: Ball
2-2: Foul Ball, location: 2F
2-2: Foul Ball, location: 2F
2-2: Ball
3-2: Fly out, F8 (Flyball, 8LD, EV 103.1 MPH)
Bottom of the 9th over - 2 runs, 4 hits, 0 errors, 3 left on base; Burlington 5 - Bluefield 5
TOP OF THE 10TH
Burlington Royals batting - Pitching for Bluefield Blue Jays : RHP Luis Alvarez
Pitching: RHP Dusty Jacobs
Now at 2B: Mel Medlin
Now in RF: Willie de la Cruz
Batting: LHB Jim Hollowell 0-0: Ball
1-0: Ball
2-0: Foul Ball, location: 2F
2-1: Foul Ball, location: 2F
2-2: Strikes out swinging
Pinch Hitting: LHB Jason Smith 0-0: Ball
1-0: Called Strike
1-1: Fly out, F8 (Flyball, 8LM, EV 84.4 MPH)
Pinch Hitting: RHB Yuri Gielkens 0-0: Foul Ball, location: 2F
0-1: Ball
1-1: Ball
2-1: Foul Ball, location: 2F
2-2: Strikes out swinging
Top of the 10th over - 0 runs, 0 hits, 0 errors, 0 left on base; Burlington 5 - Bluefield 5
BOTTOM OF THE 10TH
Bluefield Blue Jays batting - Pitching for Burlington Royals : LHP Carlos Mestanza
Now in LF: Paul Greto
Now in CF: Chris Brown
Batting: RHB Jose Amparan 0-0: Ball
1-0: Swinging Strike
1-1: SINGLE (Flyball, 9S, EV 93.1 MPH)
Batting: RHB Tyler Gray 0-0: Called Strike
0-1: Swinging Strike
0-2: Ball
1-2: Foul Ball, location: 2F
1-2: Ball
2-2: Strikes out looking
Pitching: LHP Edwardo Paz
Batting: RHB Mario Alfaro 0-0: Ball
1-0: Ball
2-0: Ball
3-0: Base on Balls
Jose Amparan to second
Batting: LHB Paul Caliari 0-0: Ball
1-0: Bunted foul
1-1: Sac Bunt to 25 - play at first, batter OUT! 5-4
Jose Amparan to third
Mario Alfaro to second
Batting: SHB Orlando Lopez 0-0: Called Strike
0-1: Ball
1-1: Fly out, F9 (Flyball, 89S, EV 83.8 MPH)
Bottom of the 10th over - 0 runs, 1 hit, 0 errors, 2 left on base; Burlington 5 - Bluefield 5
TOP OF THE 11TH
Burlington Royals batting - Pitching for Bluefield Blue Jays : RHP Dusty Jacobs
Batting: RHB Devin Garrett 0-0: Called Strike
0-1: Ball
1-1: Foul Ball, location: 2F
1-2: Ball
2-2: Ball
3-2: Strikes out looking
Batting: RHB Jake Burkhart 0-0: Foul Ball, location: 2F
0-1: Ball
1-1: Ground out 4-3 (Groundball, 4, EV 103.1 MPH)
Batting: LHB Natanael Frois 0-0: Called Strike
0-1: Ball
1-1: Ball
2-1: Swinging Strike
2-2: Strikes out swinging, 2-3 out at first.
Top of the 11th over - 0 runs, 0 hits, 0 errors, 0 left on base; Burlington 5 - Bluefield 5
BOTTOM OF THE 11TH
Bluefield Blue Jays batting - Pitching for Burlington Royals : LHP Edwardo Paz
Batting: RHB Mel Medlin 0-0: Ball
1-0: Ball
2-0: Ball
3-0: Base on Balls
Batting: LHB Andy Brumley 0-0: Ball
1-0: Ball
2-0: Foul Ball, location: 2F
2-1: Called Strike
2-2: Ball
3-2: Foul Ball, location: 2F
3-2: Base on Balls
Mel Medlin to second
Batting: RHB Jason Calvi 0-0: Sac Bunt to 23 - play at first, batter OUT! 3-4
Mel Medlin to third
Andy Brumley to second
Batting: RHB Willie de la Cruz 0-0: Intentional Walk
Batting: RHB Jose Amparan 0-0: Ball
1-0: Foul Ball, location: 2F
1-1: SINGLE (Flyball, 7LS, EV 96.9 MPH)
Mel Medlin scores
Game Over ... Bluefield defeats Burlington, 6 to 5
Tuesday, September 13th , 2022 - OOTP Baseball 23.7 Build 88